 Dungeon Crawl Stone Soup version 0.28-a0-1404-g4df0f3684d (webtiles) character file.

Game seed: 8155120928743184538

75952 freelancePsychic the Severer (level 15, -8/136 (145) HPs)
             Began as a Hill Orc Monk on Jan 5, 2022.
             Was a Priest of Beogh.
             Mangled by a pharaoh ant (11 damage)
             ... on level 2 of the Spider Nest.
             The game lasted 01:18:12 (35833 turns).

freelancePsychic the Severer (Hill Orc Monk)       Turns: 35833, Time: 01:18:13

HP:   -8/136 (145)  AC: 28    Str: 22    XL:     15   Next: 51%
MP:   15/25         EV: 11    Int: 10    God:    Beogh [***...]
Gold: 1930          SH:  0    Dex: 13    Spells: 14/14 levels left

rFire   + . .      SeeInvis +   a - +3 battleaxe (vamp)
rCold   + . .      Faith    .   (shield currently unavailable)
rNeg    . . .      Spirit   .   K - +1 gold dragon scales
rPois   +          Reflect  .   E - +1 helmet {SInv}
rElec   .          Harm     .   (no cloak)
rCorr   .          Rampage  .   i - +0 pair of gloves
Will    +....                   (no boots)
Stlth   ..........              r - amulet of regeneration
HPRegen 1.12/turn               P - +4 ring of protection
MPRegen 0.19/turn               b - +4 ring of evasion

@: confused, lethally poisoned (-8 -> -14), hasted, drained, very quick
A: no striking features
a: Renounce Religion, Smiting


You were on level 2 of the Spider Nest.
You worshipped Beogh.
Beogh was most pleased with you.
You visited 4 branches of the dungeon, and saw 25 of its levels.
You visited the Abyss 1 time.
You also visited: Bailey and Volcano.

You collected 1930 gold pieces.

Inventory:

Hand Weapons
 a - a +3 vampiric battleaxe (weapon)
 t - a +2 battleaxe of freezing
 S - a +1 glaive of flaming
Missiles
 d - 94 poisoned darts (quivered)
 C - 2 throwing nets
Armour
 f - a +2 plate armour of cold resistance
 i - a +0 pair of gloves (worn)
 E - a +1 helmet of see invisible (worn)
 K - +1 gold dragon scales (worn)
Jewellery
 b - a +4 ring of evasion (right hand)
 r - an amulet of regeneration (around neck)
 w - a ring of poison resistance
 y - a ring of fire
 P - a +4 ring of protection (left hand)
 Q - an amulet of reflection
 U - a ring of protection from cold
Wands
 j - a wand of iceblast (17)
 o - a wand of flame (41)
 x - a wand of mindburst (9)
 B - a wand of paralysis (15)
 I - a wand of acid (13)
 L - a wand of digging (4)
 O - a wand of polymorph (9)
 R - a wand of charming (9)
Scrolls
 k - 7 scrolls of teleportation {@r4}
 s - 2 scrolls of fear
 z - 7 scrolls of amnesia
 A - 4 scrolls of fog
 G - 4 scrolls of blinking
 H - 4 scrolls of identify {@r1}
 M - a scroll of silence {unknown}
 N - a scroll of holy word
 T - 2 scrolls of immolation
 V - 2 scrolls of brand weapon
Potions
 c - a potion of magic {unknown}
 e - 5 potions of might
 g - 3 potions of mutation
 l - 2 potions of cancellation
 m - 5 potions of brilliance
 n - 4 potions of ambrosia {unknown}
 p - 3 potions of invisibility {unknown}
 q - 2 potions of lignification {unknown}
 u - 3 potions of flight {unknown}
 v - 9 potions of haste {@q3}
 D - 4 potions of attraction {unknown}
 F - 3 potions of experience {unknown}
 W - 2 potions of berserk rage {unknown}
 Y - a potion of resistance {unknown}
 Z - 3 potions of degeneration {unknown}
Miscellaneous
 J - a phial of floods


   Skills:
 + Level 16.4 Fighting
 - Level 20.0 Axes
 + Level 14.1 Armour
 - Level 5.7 Dodging
 - Level 1.5 Stealth
 * Level 14.2 Invocations


You had 14 spell levels left.
You didn't know any spells.
Your spell library contained the following spells:

 Spells                   Type           Power      Damage    Failure   Level
 Freeze                   Ice            0%         1d3       100%        1
 Blink                    Tloc           0%         N/A       100%        2
 Conjure Flame            Conj/Fire      0%         6-21      100%        3
 Dazzling Flash           Conj/Hex       0%         N/A       100%        3
 Frozen Ramparts          Ice            0%         1d2       100%        3
 Ignite Poison            Fire/Tmut/Pois 0%         N/A       100%        3
 Lesser Beckoning         Tloc           0%         N/A       100%        3
 Ozocubu's Armour         Ice            0%         N/A       100%        3
 Animate Dead             Necr           0%         N/A       100%        4
 Hailstorm                Conj/Ice       0%         3d3       100%        4
 Ice Form                 Ice/Tmut       0%         N/A       100%        4
 Iskenderun's Mystic Bla  Conj/Tloc      0%         2d3       100%        4
 Sticky Flame             Conj/Fire      0%         2d3       100%        4
 Borgnjor's Vile Clutch   Necr/Erth      0%         N/A       100%        5
 Fireball                 Conj/Fire      0%         3d3       100%        5
 Iskenderun's Battlesphe  Conj           0%         2d6       100%        5
 Manifold Assault         Tloc           0%         N/A       100%        5
 Summon Forest            Summ/Tloc      0%         N/A       100%        5
 Conjure Ball Lightning   Conj/Air       0%         3x3d6     100%        6
 Death Channel            Necr           0%         N/A       100%        6
 Eringya's Noxious Bog    Tmut/Pois      0%         N/A       100%        6
 Simulacrum               Ice/Necr       0%         N/A       100%        6
 Starburst                Conj/Fire      0%         6d3       100%        6
 Orb of Destruction       Conj           0%         N/A       100%        7
 Ozocubu's Refrigeration  Ice            0%         4d5       100%        7
 Summon Hydra             Summ           0%         N/A       100%        7
 Dragon's Call            Summ           0%         N/A       100%        9


Dungeon Overview and Level Annotations

Branches:
Dungeon (15/15)            Temple (0/1) D:5            Lair (6/6) D:8
  Snake (0/4) Lair:4       Spider (2/4) Lair:3        Slime (0/5) Lair:5
    Orc (2/2) D:11         Vaults (0/5) D:13         Depths (0/4) D:15
 Bailey (visited)         Volcano (visited)
    Elf: Orc:2

Altars:
Ashenzari
Sif Muna
Jiyva

Shops:
D:1 !

Annotations:
D:3 3 runed translucent doors, Foxy's ghost, amateur OgGl; pdpol's ghost, weakling PaWr; sirJeffrey23's ghost, amateur DsGl
D:15 Zoufau's ghost, adept DsFi
Lair:6 1 runed translucent door, Tunuygec's ghost, journeyman KoDe
Orc:2 Saint Roka


Message History

A wolf spider comes into view.
You hit the broodmother.
The broodmother is severely wounded.
You hit the tarantella. You slash the wolf spider! You slice the redback!!
You kill the redback!
The redback's corpse disappears in a puff of smoke!
* * * LOW HITPOINT WARNING * * *
You feel sick.
The wolf spider hits you but does no damage.
The wolf spider bites you but does no damage.
The tarantella completely misses you.
A redback comes into view.
Aiming: Smiting
Press: ? - help, Dir - move target, f - broodmother Smite: a broodmother (severely wounded)
You smite the broodmother!!!
The broodmother is almost dead.
* * * LOW HITPOINT WARNING * * *
You feel very sick.
The wolf spider hits you but does no damage.
The wolf spider bites you.
* * * LOW HITPOINT WARNING * * *
The tarantella touches you.
* * * LOW HITPOINT WARNING * * *
You are confused.
The broodmother bites you but does no damage.
You are too confused!
You slice the broodmother!!
You feel better.
You kill the broodmother!
Beogh accepts your kill.
The wolf spider disappears in a puff of smoke!
The orb spider disappears in a puff of smoke!
The wolf spider disappears in a puff of smoke!
The orb spider disappears in a puff of smoke!
You slice the pharaoh ant!! You miss the tarantella.
* * * LOW HITPOINT WARNING * * *
You feel sick.
You hear an angry hiss.
The tarantella closely misses you. The pharaoh ant bites you!
You die...

......= .....s####
#.ss..)... ^........
...s..... ##^..§....
###Bs††.....
##..#@[§^.=.#
#...§§###....
#.§.^...######
#...##........#
#...##.......... . ....
##........# .# .#.
#........#
.^##############o.).....#
..#..#....##.............


You could see a broodmother, a wolf spider, an orb spider (charged), a pharaoh
ant, a tarantella, a redback and the friendly Hilgar the orc knight (strong).

Vanquished Creatures
  Louise (D:14)
  A broodmother (Spider:2)
  An entropy weaver (Spider:1)
  3 spark wasps (Spider:2)
  Harold (D:7)
  4 hydras
  A jorogumo (Spider:1)
  A catoblepas (D:13)
  2 centaur warriors
  A merfolk avatar (Lair:6)
  A two-headed ogre (D:11)
  3 tengu warriors
  Urug (Orc:2)
  2 pharaoh ants (Spider:1)
  A death drake (Abyss:2)
  A skeletal warrior (D:12)
  A deep elf archer (Volcano)
  Pikel (D:7)
  A harpy (Lair:6)
  6 deep elf pyromancers
  2 orc sorcerers (Orc:2)
  3 ugly things
  2 cyclopes
  2 elephants
  2 black mambas
  A torpor snail (Lair:3)
  A rime drake (Lair:3)
  A gargoyle (Bailey)
  4 cane toads
  A yaktaur (D:13)
  2 unseen horrors (D:11)
  4 komodo dragons
  3 tengu conjurers
  Prince Ribbit (D:9)
  3 trolls
  A hornet (D:9)
  A tarantella (Spider:1)
  A blink frog (Lair:4)
  6 jumping spiders
  A dream sheep (Lair:3)
  3 slime creatures
  3 culicivoras (Spider:1)
  A spriggan (shapeshifter) (D:13)
  2 spriggans (Lair:5)
  A vampire (Bailey)
  A shadow (D:12)
  2 wraiths
  21 yaks
  12 humans (D:13)
  5 fire elementals (Volcano)
  9 redbacks
  2 acid dragons
  4 water moccasins
  4 hell hounds (Volcano)
  2 orc warriors (Orc:2)
  2 ice beasts
  2 sky beasts (D:6)
  2 boggarts (D:14)
  4 necrophages
  2 ogres
  14 centaurs
  A wolf (Lair:2)
  2 lemures (D:7)
  11 bullfrogs
  2 wyvern skeletons
  5 scorpions
  2 water moccasin skeletons
  11 killer bees
  An electric eel (Lair:5)
  5 wights
  5 vampire bats (Bailey)
  5 wolf zombies (Bailey)
  5 howler monkeys
  A bullfrog zombie (D:5)
  3 jellies
  A hound (D:4)
  A gnoll shaman (D:7)
  4 centaur zombies
  6 orc priests
  A bullfrog skeleton (D:5)
  4 iguanas
  6 orc wizards
  4 hell rats
  2 killer bee zombies (D:7)
  2 howler monkey zombies
  4 adders
  9 gnolls
  2 howler monkey skeletons
  A shadow imp (D:6)
  A white imp (D:7)
  An ufetubus (D:4)
  2 worms
  3 dart slugs
  15 orcs
  6 ball pythons
  8 endoplasms
  3 giant cockroaches
  7 hobgoblins
  3 kobolds
  4 quokkas
  A bat (D:3)
  8 goblins
  22 orc zombies (Bailey)
  2 rats
366 creatures vanquished.

Vanquished Creatures (collateral kills)
  A frost giant (D:15)
  An ettin (D:15)
  A jorogumo (Spider:1)
  A vault guard (D:13)
  Erolcha (D:10)
  2 hydras
  2 two-headed ogres
  3 boulder beetles
  2 centaur warriors
  3 tengu warriors
  Nergalle (D:11)
  3 skeletal warriors (D:12)
  A steelbarb worm (Spider:2)
  3 harpies (Lair:6)
  A phantasmal warrior (D:15)
  2 necromancers (D:13)
  5 deep elf pyromancers
  9 ugly things
  An orc sorcerer (Orc:2)
  3 wolf spiders
  2 moths of wrath (Spider:1)
  4 elephants
  A black mamba (Lair:5)
  A centaur zombie (D:11)
  2 torpor snails
  A manticore (D:15)
  A moth of wrath (shapeshifter) (D:15)
  An unseen horror (shapeshifter) (D:14)
  7 cane toads
  5 komodo dragons
  A rime drake (Lair:5)
  A tengu conjurer (D:13)
  A freezing wraith (D:13)
  A meliai (Spider:2)
  4 trolls
  4 tarantellas
  A wind drake (Lair:6)
  4 slime creatures
  5 polar bears
  3 dream sheep
  2 snapping turtles (Lair:6)
  16 blink frogs
  A spriggan (Lair:5)
  7 jumping spiders
  2 culicivoras (Spider:1)
  25 yaks
  A shadow (D:12)
  A fire elemental (Volcano)
  2 steam dragons
  A basilisk (shapeshifter) (D:14)
  9 humans (D:13)
  6 redbacks
  4 wargs
  4 vampire mosquitoes (D:15)
  4 water moccasins
  A black bear (Lair:5)
  6 orc warriors
  An ice beast (D:7)
  5 wolves (Lair:2)
  6 centaurs
  2 ogres (Orc:2)
  2 boggarts (D:14)
  A gnoll sergeant (D:8)
  4 bullfrogs
  7 killer bees
  2 wights
  A howler monkey (D:8)
  An electric eel (Lair:5)
  2 orc priests (D:11)
  5 iguanas (Lair:3)
  9 hell rats
  5 orc wizards
  A killer bee zombie (D:7)
  A howler monkey zombie (D:7)
  4 gnolls
  5 orcs
  A goblin (D:8)
  A hobgoblin (D:11)
  A bush (Lair:2)
255 creatures vanquished.

Vanquished Creatures (others)
  An orc knight (Volcano)
  9 orc warriors
  A harpy (shapeshifter) (D:14)
  2 orc sorcerers
  5 orc priests
  6 orc wizards
  29 orcs
  54 fungi
  86 plants
  4 withered plants (D:3)
197 creatures vanquished.

Grand Total: 818 creatures vanquished

Notes
Turn   | Place    | Note
-------+----------+-------------------------------------------
     0 | D:1      | freelancePsychic the Hill Orc Monk began the quest for the
                  | Orb.
     0 | D:1      | Reached XP level 1. HP: 19/19 MP: 1/1
     3 | D:1      | Noticed an electric eel
     4 | D:1      | Noticed an electric eel
   353 | D:1      | Reached XP level 2. HP: 27/27 MP: 2/2
   391 | D:1      | Found Titiz's Distillery.
   540 | D:1      | Found a faded altar of an unknown god.
   731 | D:2      | You fall into a shaft and drop 2 floors!
   900 | D:3      | Reached skill level 5 in Axes
   966 | D:4      | Reached XP level 3. HP: 30/33 MP: 3/3
  1071 | D:3      | Became a worshipper of Beogh the Brigand
  1071 | D:3      | Reached * piety under Beogh
  1071 | D:3      | Reached ** piety under Beogh
  1138 | D:3      | Reached XP level 4. HP: 25/41 MP: 4/4
  1342 | D:3      | Reached skill level 1 in Armour
  1489 | D:3      | Found a runed translucent gate.
  1489 | D:3      | Found a runed translucent gate.
  1489 | D:3      | Found a runed translucent gate.
  1493 | D:3      | Noticed Foxy's ghost (amateur OgGl)
  1493 | D:3      | Noticed pdpol's ghost (weakling PaWr)
  1493 | D:3      | Noticed sirJeffrey23's ghost (amateur DsGl)
  1848 | D:4      | Reached skill level 6 in Axes
  1848 | D:4      | Reached XP level 5. HP: 29/47 MP: 5/5
  2229 | D:4      | Reached skill level 1 in Invocations
  2515 | D:4      | Reached XP level 6. HP: 43/55 MP: 7/7
  2810 | D:4      | Reached skill level 5 in Fighting
  3237 | D:5      | Entered Level 5 of the Dungeon
  3237 | D:5      | Noticed a necrophage
  3249 | D:4      | Killed a necrophage
  3250 | D:4      | Reached skill level 7 in Axes
  3457 | D:5      | Reached XP level 7. HP: 42/61 MP: 9/9
  3604 | D:5      | Found a staircase to the Ecumenical Temple.
  3882 | D:5      | Reached skill level 8 in Axes
  5022 | D:6      | Reached XP level 8. HP: 26/70 MP: 3/11
  5033 | D:6      | HP: 3/70 [poisoned by a scorpion]
  5397 | D:6      | Reached skill level 9 in Axes
  5919 | D:6      | Reached skill level 5 in Invocations
  6405 | D:6      | Reached skill level 10 in Axes
  6632 | D:6      | Reached skill level 5 in Armour
  6635 | D:6      | Reached XP level 9. HP: 79/79 MP: 13/13
  7570 | D:7      | Reached *** piety under Beogh
  7579 | D:7      | Reached skill level 11 in Axes
  7873 | D:7      | Noticed Pikel
  8362 | D:7      | Gained Orik as an ally
  8779 | D:7      | Noticed Harold
  8789 | D:7      | Killed Harold
  8790 | D:7      | Reached skill level 12 in Axes
  8830 | D:7      | Killed Pikel
  8831 | D:7      | Reached XP level 10. HP: 90/90 MP: 15/15
  9809 | D:8      | Found a staircase to the Lair.
  9844 | D:8      | Found a flagged portal.
  9856 | Bailey   | Entered a bailey
 10537 | Bailey   | Reached skill level 13 in Axes
 10627 | Bailey   | Noticed a gargoyle
 10649 | Bailey   | Killed a gargoyle
 10649 | Bailey   | Reached **** piety under Beogh
 12082 | D:9      | Found a broken altar of Ashenzari.
 12133 | D:9      | Noticed Prince Ribbit
 12142 | D:9      | Killed Prince Ribbit
 12398 | D:9      | Reached skill level 14 in Axes
 12699 | D:9      | Reached XP level 11. HP: 99/99 MP: 17/17
 12944 | D:9      | Noticed a two-headed ogre
 12947 | D:9      | Killed a two-headed ogre
 12948 | D:9      | Reached skill level 10 in Fighting
 13107 | D:9      | Reached skill level 10 in Invocations
 13611 | D:10     | Entered Level 10 of the Dungeon
 13624 | D:10     | Noticed Erolcha
 13628 | D:10     | Killed Erolcha
 14109 | D:10     | Noticed a two-headed ogre
 14114 | D:10     | Killed a two-headed ogre
 15001 | D:11     | Noticed a cyclops
 15004 | D:11     | Killed a cyclops
 15057 | D:11     | Reached skill level 15 in Axes
 15100 | D:11     | Found a staircase to the Orcish Mines.
 15320 | D:11     | Found the +8 demon blade "Leech" {vamp, Harm Drain rN+}
 15738 | D:11     | Noticed Nergalle
 15748 | D:11     | Killed Nergalle
 15749 | D:11     | Reached XP level 12. HP: 84/110 MP: 16/20
 16061 | D:11     | Noticed a two-headed ogre
 16071 | D:11     | Killed a two-headed ogre
 16554 | Lair:1   | Entered Level 1 of the Lair of Beasts
 16583 | Lair:1   | Noticed a six-headed hydra
 16585 | Lair:1   | Killed a five-headed hydra
 16688 | Lair:1   | Reached skill level 16 in Axes
 18260 | Lair:2   | Reached skill level 10 in Armour
 18754 | Lair:2   | Got Ecakoffies's Compendium of Blows and Bruises and
                  | Calling
 19690 | Lair:3   | Reached skill level 17 in Axes
 20422 | Lair:3   | Found a hole to the Spider Nest.
 20908 | Lair:4   | Found a staircase to the Snake Pit.
 20912 | Lair:4   | Identified a scroll of acquirement
 20913 | Lair:4   | Acquired a +1 vampiric battleaxe
 20948 | Lair:4   | Found a dark tunnel.
 20966 | Volcano  | Entered a volcano
 20983 | Volcano  | Reached XP level 13. HP: 112/119 MP: 22/22
 21165 | Volcano  | Reached ***** piety under Beogh
 21175 | Volcano  | Reached skill level 18 in Axes
 23445 | Lair:5   | Found a viscous altar of Jiyva.
 23445 | Lair:5   | Found a staircase to the Slime Pits.
 23461 | Lair:5   | Reached skill level 19 in Axes
 23461 | Lair:5   | Gained Okrist as an ally
 24367 | Lair:6   | Entered Level 6 of the Lair of Beasts
 25255 | Lair:6   | Upgraded the game from 0.28-a0-1395-g4f6bc678fa to
                  | 0.28-a0-1404-g4df0f3684d
 26624 | Lair:6   | Found a runed translucent door.
 26625 | Lair:6   | Noticed Tunuygec's ghost (journeyman KoDe)
 26776 | Lair:6   | Reached skill level 20 in Axes
 27632 | D:12     | Reached XP level 14. HP: 131/132 MP: 24/24
 28324 | D:12     | Found a shimmering blue altar of Sif Muna.
 29155 | D:13     | Reached skill level 15 in Fighting
 29559 | D:13     | Found a gate to the Vaults.
 29831 | D:14     | Noticed Louise
 29839 | D:14     | Gained Hilgar as an ally
 29841 | D:14     | Cast into level 2 of the Abyss (Louise)
 29936 | D:14     | Escaped the Abyss
 29942 | D:14     | Killed Louise
 31573 | D:15     | Entered Level 15 of the Dungeon
 31774 | D:15     | Reached skill level 5 in Dodging
 31912 | D:15     | Reached XP level 15. HP: 143/143 MP: 25/25
 31947 | D:15     | Found a runed translucent gate.
 31947 | D:15     | Found a runed translucent gate.
 31947 | D:15     | Noticed Zoufau's ghost (adept DsFi)
 31953 | D:15     | Found a runed translucent gate.
 32313 | D:15     | Found a staircase to the Depths.
 32313 | D:15     | Noticed a frost giant
 32319 | D:15     | Killed a frost giant
 32840 | Orc:1    | Entered Level 1 of the Orcish Mines
 32893 | Orc:2    | Entered Level 2 of the Orcish Mines
 32895 | Orc:2    | Noticed an orc warlord
 32902 | Orc:2    | Paralysed by an orc sorcerer for 3 turns
 32903 | Orc:2    | Gained Okrist as an ally
 33167 | Orc:2    | Gained Bogrim as an ally
 33208 | Orc:2    | Noticed Urug
 33215 | Orc:2    | Noticed Saint Roka
 33219 | Orc:2    | Killed Urug
 33225 | Orc:2    | Your ally Bogrim died
 33466 | Spider:1 | Entered Level 1 of the Spider Nest
 35832 | Spider:2 | HP: 5/136 [wolf spider[a broodmother] (3)]
 35832 | Spider:2 | HP: 2/136 [tarantella (3)]
 35833 | Spider:2 | Mangled by a pharaoh ant

Illustrated notes

Levels and vault maps discovered:
D:1:      arrival_aquarium_b, layout_rooms, serial_shops, shop,
          hellmonk_ecumenical_altar_inner_sanctum
D:2:      layout_basic, uniq_sigmund, uniq_terence, uniq_natasha
D:3:      layout_basic, gammafunk_ghost_cemetery
D:4:      nicolae_cairo_tiling_large_dashed, layout_layer_cave,
          item_on_display_a
D:5:      layout_basic, minmay_temple_entry_statues_fountains
D:6:      layout_cave_pods, minmay_circle_x
D:7:      layout_loops_corners, uniq_pikel, uniq_harold
D:8:      layout_rooms, erik_lair_orcish_takeover, enter_bailey_5
D:9:      nicolae_whirlpool, layout_basic, amcnicky_altar_gilded,
          uniq_prince_ribbit1
D:10:     layout_loops_ring, st_stairs_3, minmay_misc_feat_room,
          roderic_serpentine_path, uniq_erolcha
D:11:     layout_loops_corners, erik_orc_4, moated_statue, uniq_nergalle
D:12:     layout_cave_pods, tgw_sif
D:13:     layout_cave_pools, grunt_vaults_entry_tiered
D:14:     layout_cave_pods, minivault_26, drop_trap, uniq_louise
D:15:     grunt_enter_depths_snipers, layout_irregular_city,
          gammafunk_ghost_split, grunt_ministairs_2
Lair:1:   layout_layer_cave
Lair:2:   layout_roguey
Lair:3:   beast_lair_carwin_large_1, layout_cellular_growth,
          spider_nest_entry_funnel_web
Lair:4:   layout_gridlike, dummy_snake_entry, enter_volcano_2,
          infiniplex_staircase_pool_2
Lair:5:   layout_loops_ring, slime_altar_1, wad_woods_02, serial_bayou_shore_a
Lair:6:   gammafunk_lair_ancient_temple, layout_gridlike,
          ebering_ghost_inner_flame
Spider:1: layout_spider_delve, nicolae_spider_wall_of_niches
Spider:2: nicolae_spider_hilbert_zone_3 [nicolae_spider_hilbert_4_sides_2_open,
          nicolae_spider_hilbert_3_sides_1_open,
          nicolae_spider_hilbert_3_sides_1_open,
          nicolae_spider_hilbert_3_sides_1_open,
          nicolae_spider_hilbert_3_sides_1_open,
          nicolae_spider_hilbert_4_sides_1_open,
          nicolae_spider_hilbert_4_sides_1_open,
          nicolae_spider_hilbert_4_sides_1_open,
          nicolae_spider_hilbert_4_sides_1_open,
          nicolae_spider_hilbert_4_sides_1_open,
          nicolae_spider_hilbert_4_sides_1_open,
          nicolae_spider_hilbert_4_sides_1_open,
          nicolae_spider_hilbert_4_sides_1_open,
          nicolae_spider_hilbert_3_sides_1_open,
          nicolae_spider_hilbert_3_sides_1_open,
          nicolae_spider_hilbert_3_sides_1_open,
          nicolae_spider_hilbert_3_sides_1_open], uniq_azrael
Orc:1:    layout_caves, ebering_ghost_gozag
Orc:2:    grunt_orc_cross, layout_caves, gammafunk_ghost_necromancy,
          serial_shops, nicolae_square_shop, guppyfry_library_mini

Skill      XL: |  1  2  3  4  5  6  7  8  9 10 11 12 13 14 15 |
---------------+----------------------------------------------+-----
Fighting       | 4 5 6 7 8 9 11 12 14 15 16 | 16.4
Axes           | 5 6 7 8 10 12 14 15 17 20 | 20.0
Armour         | 1 2 3 5 6 7 9 10 13 14 | 14.1
Invocations    | 1 3 4 5 7 9 11 12 13 14 | 14.2
Dodging        | 5 |  5.7
Stealth        | |  1.5

Action                   |  1- 3 |  4- 6 |  7- 9 | 10-12 | 13-15 || total
-------------------------+-------+-------+-------+-------+-------++-------
Melee: Hand axe          |    73 |   136 |   253 |   449 |       ||   911
       Whip              |       |       |    67 |       |       ||    67
       Battleaxe         |       |       |       |   113 |   605 ||   718
Throw: Dart              |       |    10 |    17 |     9 |     4 ||    40
Invok: Convert to Beogh  |     1 |       |       |       |       ||     1
       Smiting           |       |     2 |     7 |    15 |    31 ||    55
       Recall Orcish Fol |       |       |       |       |    16 ||    16
       Stop Recall       |       |       |       |       |     3 ||     3
       Give Item to Name |       |       |       |       |     1 ||     1
Evoke: Wand              |       |       |     1 |     4 |     5 ||    10
  Use: Scroll            |     1 |     2 |     3 |    15 |     9 ||    30
       Potion            |       |       |       |     4 |     8 ||    12
 Stab: Sleeping          |     4 |       |       |       |       ||     4
       Distracted        |       |       |       |     7 |    10 ||    17
       Confused          |       |       |       |       |     2 ||     2
Armor: Robe              |     6 |       |       |       |       ||     6
       Chain mail        |    24 |    79 |   137 |   253 |   100 ||   593
       Gold dragon scale |       |       |       |       |   319 ||   319
Dodge: Dodged            |    42 |    45 |    92 |   179 |   246 ||   604
Block: Other             |       |       |       |     3 |   127 ||   130
       Reflection        |       |       |       |       |     6 ||     6

Table legend: (Time is in decaauts)
 A = Elapsed time spent in this place.
 B = Non-inter-level travel time spent in this place.
 C = Inter-level travel time spent in this place.
 D = Time resting spent in this place.
 E = Time spent auto-exploring this place.
 F = Levels seen in this place.
 G = Mean time per level.
                   A        B        C        D        E       F      G
               +--------+--------+--------+--------+--------+-----+--------+
         Total |  36221 |  34687 |   1534 |  10222 |  19912 |  28 | 1293.6 |
       Dungeon |  20997 |  20231 |    766 |   5690 |  11913 |  15 | 1399.8 |
          Lair |  10319 |   9648 |    671 |   1688 |   6792 |   6 | 1719.8 |
   Spider Nest |   1900 |   1807 |     93 |   1155 |    448 |   2 |  950.0 |
  Orcish Mines |    421 |    418 |      3 |    188 |    101 |   2 |  210.5 |
         Abyss |     99 |     99 |      0 |      0 |     70 |   1 |   99.0 |
        Bailey |   1605 |   1605 |      0 |   1155 |    226 |   1 | 1605.0 |
       Volcano |    878 |    878 |      0 |    345 |    361 |   1 |  878.0 |
               +--------+--------+--------+--------+--------+-----+--------+

Top non-repeatable levels by time:
     D:7: 2351 daAuts
     D:5: 2062 daAuts
  Lair:6: 2037 daAuts
    D:14: 2031 daAuts
  Lair:3: 2012 daAuts
     D:6: 1967 daAuts
     D:4: 1926 daAuts
  Lair:5: 1915 daAuts
  Lair:1: 1854 daAuts
     D:9: 1811 daAuts
    D:11: 1709 daAuts
Spider:1: 1634 daAuts
  Bailey: 1605 daAuts
    D:10: 1504 daAuts
  Lair:2: 1360 daAuts
